Cogmind - Beta 16 @@@ ROGUE MODE // 2025.10.27 @ 16:32:44 Player: Air Result: Smashed by cave-in Performance ------------- Evolutions (3) 1500 Regions Visited (8) 1600 Robots Destroyed (208) 1040 Value Destroyed (6672) 6672 Prototype IDs (33) 660 Alien Tech Used (0) 0 Bonus (1268) 1268 TOTAL SCORE: 12740 Bonus ------- High Alert Combat Kills 968 Aligned with FarCom 300 Cogmind --------- Core Integrity 0/700 Matter 34/300 Energy 1/150 System Corruption 29% Temperature Cool (0) Movement Rolling (210) Ox8 Location -7/Factory Parts ------- > --- POWER (2) -------- Micro Nuclear Core > --- PROPULSION (3) --- Armored Huge Wheel > --- UTILITY (6) ------ Humpback Improved Signal Interpreter Improved Medium Armor Plating Improved Medium Armor Plating Improved Shield Generator > --- WEAPON (2) ------- Powered Hammer > --- INVENTORY (35) --- Titanium Leg Armored Huge Wheel Improved Flight Unit Improved Flight Unit Scrap Suit Improved Heat Sink Humpback Advanced Weight Redist. System Machine Analyzer Advanced Visual Processing Unit Advanced Visual Processing Unit Advanced ECM Suite Improved Medium Armor Plating Improved Medium Armor Plating Improved Medium Armor Plating Improved Medium Armor Plating Improved Medium Armor Plating Improved Medium Armor Plating Improved Medium Armor Plating Flak Gun Precision Assault Rifle Flak Cannon Gauss Cannon Gauss Cannon Gauss Cannon Heavy Rocket Launcher Remote Datajack Peak State ------------ > --- POWER ------------ Improved Deuterium Engine Micro Nuclear Core > --- PROPULSION ------- Medium Treads Medium Treads Medium Treads > --- UTILITY ---------- Humpback Improved Signal Interpreter Hacking Suite System Shield System Restoration Module > --- WEAPON ----------- Heavy Ion Cannon Precision Assault Rifle > --- INVENTORY -------- Improved Deuterium Engine Medium Treads Medium Treads Titanium Leg Compact Wheel Armored Huge Wheel Improved Flight Unit Improved Flight Unit Cesium-ion Thruster Scrap Suit Improved Heat Sink Improved Heat Sink Humpback Humpback Advanced Weight Redist. System Machine Analyzer Advanced Visual Processing Unit Advanced ECM Suite Hardened Medium Armor Plating Hardened Medium Armor Plating Hardened Medium Armor Plating Improved Shield Generator EM Pulse Cannon Heavy Ion Cannon Heavy Ion Cannon Flak Gun Flak Cannon Precision Grenade Launcher Precision Grenade Launcher Remote Datajack Powered Hammer [Rating: 55] Favorites ----------- Power Deuterium Engine Engine Deuterium Engine Power Core Micro Nuclear Core Propulsion Light Treads Treads Light Treads Leg Titanium Leg Wheel Armored Huge Wheel Flight Unit Improved Flight Unit Utility Humpback Device Cloak of Protection Storage Humpback Processor Signal Interpreter Hackware Hacking Suite Protection Hardened Medium Armor Plating Weapon Heavy Ion Cannon Energy Gun Field Laser Energy Cannon Heavy Ion Cannon Ballistic Gun Assault Rifle Ballistic Cannon Light Cannon Launcher Precision Grenade Launcher Impact Weapon Powered Hammer Build | -11 -10 -10 -9 -9 -9 -8 -8 -7 ------- Run | Yrd Mat Min Mat Min Exi Min Mat Fac Slots Evolved 6 | . . . 2 . . . 2 2 Power 1 | . . . . . . . 1 . Propulsion 1 | . . . . . . . 1 . Utility 4 | . . . 2 . . . . 2 Weapon . | . . . . . . . . . Parts Attached 122 | 7 14 . 21 1 6 1 31 41 Power 19 | 1 1 . 2 . 1 1 6 7 Engine 14 | 1 1 . 2 . 1 1 6 2 Core 5 | . . . . . . . . 5 Reactor . | . . . . . . . . . Propulsion 38 | 2 7 . 5 . 1 . 14 9 Treads 20 | . 2 . 4 . 1 . 6 7 Leg 13 | 2 5 . . . . . 6 . Wheel 3 | . . . . . . . 1 2 Hover . | . . . . . . . . . Flight 2 | . . . 1 . . . 1 . Utility 32 | 1 3 . 8 . 3 . 3 14 Device 5 | . 1 . . . 1 . . 3 Storage 6 | 1 1 . 1 . 1 . . 2 Processor 6 | . 1 . 3 . . . 2 . Hackware 3 | . . . . . . . . 3 Protection 12 | . . . 4 . 1 . 1 6 Artifact . | . . . . . . . . . Weapon 33 | 3 3 . 6 1 1 . 8 11 Energy Gun 5 | . 1 . 2 1 1 . . . Energy Cannon 8 | . 1 . 1 . . . 4 2 Ballistic Gun 7 | 3 . . 1 . . . . 3 Ballistic Cannon 5 | . 1 . . . . . . 4 Launcher 6 | . . . 2 . . . 3 1 Special Weapon . | . . . . . . . . . Impact Weapon 2 | . . . . . . . 1 1 Slashing Weapon . | . . . . . . . . . Piercing Weapon . | . . . . . . . . . Special Melee Weapon . | . . . . . . . . . Unidentified Prototypes 4 | . . . 2 . . . 1 1 Parts Lost 35 | . . . 1 1 . . 11 22 Power 9 | . . . . . . . 3 6 Propulsion 13 | . . . . . . . 6 7 Utility 7 | . . . . . . . 2 5 Weapon 6 | . . . 1 1 . . . 4 Highest Loss Streak 8 | . . . 1 1 . . 3 8 To Critical Strikes 1 | . . . . 1 . . . . Average Backups 25 | 2 8 16 20 24 25 27 30 29 Power 1 | . 1 2 1 2 1 1 1 . Propulsion 7 | 1 3 4 7 7 6 7 8 7 Utility 10 | . 2 5 6 10 11 14 14 12 Weapon 5 | . 1 4 5 5 4 4 5 8 Tool/Special . | . . . . . . . . . Unused Backups 51 | . 1 . 15 . . . 13 22 Power 5 | . . . 2 . . . 2 1 Propulsion 10 | . 1 . 6 . . . . 3 Utility 24 | . . . 5 . . . 3 16 Weapon 11 | . . . 2 . . . 8 1 Tool/Special 1 | . . . . . . . . 1 Average Slot Usage (%) 92 | . 96 100 99 100 91 88 89 88 Engine 12 | . 14 14 10 11 11 11 17 6 Core 1 | . . . . . . . . 7 Treads 20 | . 13 28 21 22 22 22 22 16 Leg 1 | . 14 . . . . . 3 . Device 2 | . 1 . . . 2 11 2 1 Storage 9 | . 14 14 11 11 10 11 9 6 Processor 12 | . 9 14 23 22 14 11 9 7 Hackware 3 | . . . . . . . . 14 Protection 5 | . . . 9 11 8 . 5 6 Energy Gun 7 | . 5 . 10 21 22 21 5 . Energy Cannon 8 | . 9 14 8 . . . 12 11 Ballistic Gun 1 | . 11 . 2 . . . . 1 Ballistic Cannon 1 | . 2 14 . . . . . 1 Peak Build Rating 55 | 6 9 9 23 22 28 28 38 55 Average Rating 30 | 4 7 8 16 21 23 27 33 50 On Entrance 17 | . 6 8 9 22 22 28 28 34 Avg Prop Armor Cover (%) 5 | . . . . . . . 8 4 Naked Turns . | . . . . . . . . . Heaviest Build 250 | 14 51 51 103 103 223 223 242 250 Greatest Support 84 | 20 40 40 40 40 40 40 60 84 Greatest Overweight (x) 14 | 1 2 1 2 2 5 5 14 8 Average Overweight (x) 2 | . . 1 1 2 3 5 4 3 Largest Inventory Capacity 35 | 8 20 20 25 25 35 35 35 35 Average Capacity 30 | 7 14 20 21 25 31 35 35 34 Most Carried 35 | 6 13 17 25 25 30 30 35 35 Average Carried 27 | 3 8 16 20 24 26 29 33 32 Final Capacity 35 | 8 20 20 25 25 35 35 35 35 Final Carried 35 | 6 13 17 25 24 30 30 33 35 Class Distribution -------------------- 67% | Hauler-Mutant 28% | Mutant 3% | Scavenger-Mutant Dominant Class ---------------- Mutant | -10/Materials Mutant | -10/Mines Mutant | -9/Materials Mutant | -9/Mines Hauler-Mutant | -9/Exiles Hauler-Mutant | -8/Mines Hauler-Mutant | -8/Materials Hauler-Mutant | -7/Factory Resources | -11 -10 -10 -9 -9 -9 -8 -8 -7 ----------- Run | Yrd Mat Min Mat Min Exi Min Mat Fac Matter Collected 3637 | 229 477 76 492 45 60 70 788 1400 Remotely . | . . . . . . . . . Salvage Created 6977 | . 616 261 1157 55 . 339 2026 2523 Parts 389 | . 36 10 75 7 . 18 97 146 Haulers Intercepted 3 | . 2 . . . . . 1 . Recyclers Shooed 7 | . . . 3 . . . 2 2 Parts Field Recycled . | . . . . . . . . . Retrieved Matter . | . . . . . . . . . Parts Self-Destructed . | . . . . . . . . . Prevented . | . . . . . . . . . Parts Restored . | . . . . . . . . . Kills | -11 -10 -10 -9 -9 -9 -8 -8 -7 ------- Run | Yrd Mat Min Mat Min Exi Min Mat Fac Combat Hostiles Destroyed 162 | . 11 7 29 7 . 11 43 54 Melee 1 | . . . . . . . 1 . Guns 36 | . 7 . 6 3 . 9 7 4 Cannons 83 | . 4 7 17 . . . 15 40 AOE 38 | . . . 6 4 . 2 19 7 Classes Destroyed 16 | . 5 2 3 1 . 2 1 2 Worker 10 | . 1 . 2 . . . 4 3 Builder 5 | . . . 1 . . . 1 3 Tunneler 1 | . 1 . . . . . . . Hauler 3 | . 2 . . . . . 1 . Recycler 12 | . . 1 4 . . 1 1 5 Mechanic 2 | . . . . . . . 2 . Watcher 17 | . 3 . 4 . . . 5 5 Swarmer 49 | . . 3 17 3 . 7 4 15 Grunt 57 | . 11 4 3 . . 2 25 12 Brawler 2 | . . . . . . 1 . 1 Duelist 4 | . . . 1 . . . 3 . Protector 2 | . . . . . . . . 2 Sentry 24 | . . . 8 . . . 11 5 Hunter 4 | . . . . . . 1 . 3 Programmer 16 | . . . . . . . . 16 Assembled 4 | . . . . 4 . . . . Best Kill Streak 10 | . 5 3 5 7 . 4 10 6 Combat Bots Only 8 | . 2 3 5 7 . 3 8 4 Max Kills in Single Turn 4 | . 1 1 3 4 . 3 3 3 Gunslinging 1 | . . . . 1 . . . . Exploded 4 | . . . 2 4 . 2 2 2 Melee 1 | . . . . . . . 1 . Uniques/NPCs Destroyed . | . . . . . . . . . Combat | -11 -10 -10 -9 -9 -9 -8 -8 -7 -------- Run | Yrd Mat Min Mat Min Exi Min Mat Fac Hostile Shots Fired 902 | . 58 22 123 41 . 42 180 436 Missed 251 | . 18 7 41 9 . 9 37 130 Hits 651 | . 40 15 82 32 . 33 143 306 Melee 4 | . . . . . . 2 2 . Projectile 647 | . 40 15 82 32 . 31 141 306 AOE 6 | . . . . . . . . 6 Critical Strikes 24 | . 1 2 1 3 . 1 7 9 Part Disruptions 2 | . . . . . . . . 2 Damage Taken 10416 | . 480 183 922 422 . 349 2592 5468 Core 1408 | . 101 64 164 32 . 51 279 717 Absorbed by Shields 190 | . . . . . . . . 190 Ignored by Resistances 107 | . . . . . . . . 107 Regen/Repaired (Parts) 288 | . . . 108 . . . 180 . Core Remaining (%) 55 | 100 . 34 . . . 38 49 . Volleys Fired 485 | 2 63 14 77 6 . 25 110 188 Largest 2 | 1 2 2 2 2 . 2 2 2 Hottest 130 | 20 125 90 121 119 . 126 130 130 Shots Fired 891 | 2 126 28 154 10 . 50 191 330 Gun 275 | 2 111 . 43 8 . 48 40 23 Cannon 557 | . 15 28 103 . . . 122 289 Launcher 59 | . . . 8 2 . 2 29 18 Special . | . . . . . . . . . Kinetic 225 | 2 105 14 28 . . . . 76 Thermal 532 | . 21 14 77 8 . 48 162 202 Explosive 59 | . . . 8 2 . 2 29 18 Electromagnetic 75 | . . . 41 . . . . 34 Robot Hit Streak 15 | 1 14 5 15 4 . 11 13 10 Robot Miss Streak 7 | 1 5 2 6 2 . 2 4 7 Penetration Max . | . . . . . . . . . Secondary Targets 3 | . . . . 1 . 2 . . Max Gunslinging Chain 1 | . . . . 1 . 1 . . Shots Hit Robots 536 | 1 79 15 84 6 . 29 116 206 Core Hits 344 | . 31 10 51 13 . 17 97 125 Critical Kills 1 | . 1 . . . . . . . Critical Parts Destroyed 1 | . 1 . . . . . . . Critical Strikes 14 | . 2 . 4 . . 6 1 1 Burn 11 | . . . 4 . . 6 1 . Destroy 2 | . 2 . . . . . . . Blast 1 | . . . . . . . . 1 Melee Attacks 22 | . . . . . . . 1 21 Impact 22 | . . . . . . . 1 21 Slashing . | . . . . . . . . . Piercing . | . . . . . . . . . Sneak Attacks . | . . . . . . . . . Combat Hostiles . | . . . . . . . . . Follow-up Attacks . | . . . . . . . . . Damage Inflicted 16426 | 10 1089 292 2258 373 . 645 4747 7012 Guns 2688 | 10 880 . 511 86 . 490 323 388 Cannons 8622 | . 194 292 1063 . . . 2076 4997 Explosions 4993 | . . . 684 287 . 155 2271 1596 Melee 85 | . . . . . . . 54 31 Ramming 38 | . 15 . . . . . 23 . Kinetic 2467 | 10 822 137 271 . . . . 1227 Thermal 7857 | . 252 155 835 86 . 490 2399 3640 Explosive 4891 | . . . 587 287 . 155 2271 1591 Electromagnetic 1088 | . . . 565 . . . . 523 Impact 85 | . . . . . . . 54 31 Slashing . | . . . . . . . . . Piercing . | . . . . . . . . . Highest Corruption 26 | . . . . . . . . 26 Average Corruption 9 | . . . . . . . . 9 Corruption Purged 3 | . . . . . . . . 3 Corruption Blocked . | . . . . . . . . . Effects 80 | . . . . . . . . 80 Message Errors 25 | . . . . . . . . 25 Matter Fused 15 | . . . . . . . . 15 Heat Flow Errors 13 | . . . . . . . . 13 Energy Discharges 10 | . . . . . . . . 10 Parts Fused 1 | . . . . . . . . 1 Data Loss (minor) 9 | . . . . . . . . 9 Data Loss (major) 4 | . . . . . . . . 4 Misfires 1 | . . . . . . . . 1 Misdirections 1 | . . . . . . . . 1 Weapon Failures 1 | . . . . . . . . 1 Overload Shots . | . . . . . . . . . Overflow Damage 383 | . . . 40 6 . . 95 242 Projectiles 203 | . . . 20 . . . 59 124 Explosions 167 | . . . 20 6 . . 29 112 Melee 13 | . . . . . . . 7 6 Knockbacks 34 | . . 5 5 . . . . 24 Impact . | . . . . . . . . . Kinetic 33 | . . 5 4 . . . . 24 Secondary 1 | . . . 1 . . . . . Self-Inflicted Damage 874 | . . 10 58 8 . . 267 531 Shots 28 | . . 1 4 1 . . 10 12 Rammed 2 | . 1 . . . . . 1 . Targets Rammed 3 | . 1 . . . . . 2 . Kicked . | . . . . . . . . . Crushed 1 | . . . . . . . 1 . Highest Temperature 543 | . 207 162 351 278 . 462 543 408 Average Temperature 137 | . 53 71 92 147 . 165 171 141 Received Heat Transfer 2197 | . 282 96 183 40 . 36 1035 525 Effects 56 | . . . 3 . . 3 39 11 Shutdowns 17 | . . . 1 . . . 13 3 Energy Bleed 10 | . . . 2 . . 1 3 4 Interference 17 | . . . . . . . 15 2 Matter Decay 1 | . . . . . . . . 1 Short Circuit 2 | . . . . . . 2 . . Damage (minor) 4 | . . . . . . . 3 1 Damage (major) 4 | . . . . . . . 4 . Damage (core) 1 | . . . . . . . 1 . Siege Activations . | . . . . . . . . . Martial Activations . | . . . . . . . . . Shielding Activations . | . . . . . . . . . Robots Disrupted . | . . . . . . . . . Combat Hostiles . | . . . . . . . . . Robots Corrupted 4 | . . . . . . . 1 3 Combat Hostiles 4 | . . . . . . . 1 3 Parts Fried 7 | . . . . . . . 2 5 Impact Corruptions 3 | . . . . . . . 2 1 Robots Melted . | . . . . . . . . . Combat Hostiles . | . . . . . . . . . Parts Melted 16 | . 1 1 2 . . 1 4 7 Heat Transferred 12521 | . 555 333 2037 185 . 1517 3570 4324 Parts Sabotaged . | . . . . . . . . . Parts Stolen . | . . . . . . . . . Parts Stripped . | . . . . . . . . . Power Chain Reactions 1 | . . . 1 . . . . . Alert | -11 -10 -10 -9 -9 -9 -8 -8 -7 ------- Run | Yrd Mat Min Mat Min Exi Min Mat Fac Maximum Alert Level 4 | . . . 2 1 . . 3 4 Low Security (%) 52 | 100 100 100 49 82 . 100 31 36 Level 1 25 | . . . 40 17 . . 40 17 Level 2 12 | . . . 10 . . . 16 20 Level 3 9 | . . . . . . . 10 23 Level 4 . | . . . . . . . . 1 Level 5 . | . . . . . . . . . High Security . | . . . . . . . . . Max Security . | . . . . . . . . . Peak Influence 1198 | . 169 135 417 244 . 145 1053 1198 Initial 478 | . . 13 . 156 . . . 478 Average 274 | . 100 14 187 128 . 30 326 474 Influence Increases 5235 | . 420 217 1120 88 . 298 1392 1700 Destroy 0b10 Robot/C 3120 | . 220 140 580 60 . 220 860 1040 Destroy 0b10 Robot/NC 260 | . 35 5 55 . . 5 70 90 Destroy Leader 780 | . 60 30 158 10 . 40 222 260 Trap Triggered on 0b10 40 | . . . 40 . . . . . Successful Hack 90 | . 14 . 34 . . . 33 9 Disable Machine 360 | . 15 30 135 . . . 45 135 Destroy Structure 390 | . 1 12 73 18 . 18 132 136 Partial Spotted 30 | . 15 . . . . . 15 . Lose Combat Pursuer 165 | . 60 . 45 . . 15 15 30 Influence Decreases 4047 | . 386 251 718 462 28 298 339 1565 Entered New Map 870 | . . 21 . 246 28 . . 575 Time Decay 2827 | . 386 230 708 206 . 298 229 770 Lost Part 350 | . . . 10 10 . . 110 220 Squads Dispatched 37 | . 3 . 2 . . . 8 24 Investigation 4 | . 1 . 1 . . . . 2 Extermination 11 | . . . . . . . . 11 Reinforcement 9 | . 2 . 1 . . . 2 4 Assault 4 | . . . . . . . 3 1 Garrison 9 | . . . . . . . 3 6 Intercept . | . . . . . . . . . Searches Triggered . | . . . . . . . . . Construction Impeded 3 | . . . 1 . . . 1 1 Haulers Reinforced 1 | . . . . . . . . 1 Active Scanning Responses . | . . . . . . . . . Cargo Convoy Interrupts 1 | . . . . . . . . 1 Stealth | -11 -10 -10 -9 -9 -9 -8 -8 -7 --------- Run | Yrd Mat Min Mat Min Exi Min Mat Fac Distress Signals 13 | . 2 . 3 . . . 5 3 Communications Jammed . | . . . . . . . . . Distress Signals . | . . . . . . . . . Times Spotted 235 | . 25 7 44 16 . 10 59 74 Peak Tracking Total 23 | . 4 3 6 23 . 4 5 6 Tactical Retreats 8 | . 2 . 2 . . 1 1 2 Traps | -11 -10 -10 -9 -9 -9 -8 -8 -7 ------- Run | Yrd Mat Min Mat Min Exi Min Mat Fac Traps Triggered 5 | . 1 . . . . . 2 2 Indirectly . | . . . . . . . . . Trap Hack Attempts . | . . . . . . . . . Triggered . | . . . . . . . . . Disarmed . | . . . . . . . . . Reprogrammed 6 | . . . 6 . . . . . Reused 4 | . . . 4 . . . . . Traps Extracted . | . . . . . . . . . Installed . | . . . . . . . . . Triggered 4 | . . . 4 . . . . . Machines | -11 -10 -10 -9 -9 -9 -8 -8 -7 ---------- Run | Yrd Mat Min Mat Min Exi Min Mat Fac Machines Disabled 25 | . 1 2 10 . . . 3 9 Max in Single Turn 2 | . 1 2 2 . . . 1 2 Garrison Access 1 | . . . . . . . 1 . Machines Repaired . | . . . . . . . . . Machines Dismantled . | . . . . . . . . . Machines Sabotaged . | . . . . . . . . . Overloaded Fab Kills . | . . . . . . . . . Hacking | -11 -10 -10 -9 -9 -9 -8 -8 -7 --------- Run | Yrd Mat Min Mat Min Exi Min Mat Fac Machines Accessed 43 | . 4 . 14 . 3 . 13 9 Terminals 24 | . 4 . 9 . . . 8 3 Fabricators 2 | . . . . . . . . 2 Repair Stations 3 | . . . 1 . . . 2 . Recycling Units 4 | . . . 2 . . . 1 1 Scanalyzers 5 | . . . 2 . . . 1 2 Garrison Access 2 | . . . . . . . 1 1 Total Hacks 148 | . 11 . 44 . 6 . 38 49 Successful 95 | . 7 . 28 . 6 . 20 34 Failed 51 | . 4 . 15 . . . 18 14 Catastrophic 7 | . . . 1 . . . 2 4 Database Lockouts 2 | . . . 1 . . . . 1 Manual 42 | . 6 . 16 . 1 . 16 3 Terminals 76 | . 11 . 27 . . . 26 12 Fabricators 5 | . . . . . . . . 5 Repair Stations 11 | . . . 3 . . . 8 . Recycling Units 7 | . . . 4 . . . 1 2 Scanalyzers 40 | . . . 10 . . . 2 28 Garrison Access 3 | . . . . . . . 1 2 Terminal Hacks 28 | . 3 . 7 . 6 . 7 5 Record 8 | . . . . . 5 . 1 2 Robot Analysis 1 | . . . 1 . . . . . Prototype ID Bank 3 | . 1 . 2 . . . . . Emergency Access Points 1 | . . . . . . . 1 . Terminal Index 1 | . . . . . . . 1 . Fabricator Index 2 | . . . . . . . 1 1 Recycling Unit Index 2 | . . . 1 . . . 1 . Alert Level 2 | . . . . . . . 1 1 Locate Traps 1 | . . . 1 . . . . . Reprogram Traps 1 | . . . 1 . . . . . Dispatch Records 1 | . . . . . . . . 1 Maintenance Status 1 | . . . 1 . . . . . Transport Status 1 | . 1 . . . . . . . Investigation Status 1 | . 1 . . . . . . . Zone Layout 1 | . . . . . . . 1 . Proto ID Catalog 1 | . . . . . 1 . . . Fabricator Hacks 4 | . . . . . . . . 4 Network Status 1 | . . . . . . . . 1 Load Schematic 2 | . . . . . . . . 2 Build 1 | . . . . . . . . 1 Repair Station Hacks 6 | . . . 2 . . . 4 . Scan Component 3 | . . . 1 . . . 2 . Repair 3 | . . . 1 . . . 2 . Recycling Unit Hacks 5 | . . . 3 . . . 1 1 Report Inventory 4 | . . . 2 . . . 1 1 Retrieve Components 1 | . . . 1 . . . . . Scanalyzer 32 | . . . 8 . . . 1 23 Insert Component 9 | . . . 2 . . . . 7 Analyze 8 | . . . 2 . . . . 6 Retrieve Study 15 | . . . 4 . . . 1 10 Garrison Access Hacks 1 | . . . . . . . 1 . Seal Access 1 | . . . . . . . 1 . Unauthorized Hacks 19 | . 4 . 8 . . . 6 1 Terminals 19 | . 4 . 8 . . . 6 1 Botnet 19 | . 4 . 8 . . . 6 1 Fabricators . | . . . . . . . . . Repair Stations . | . . . . . . . . . Recycling Units . | . . . . . . . . . Scanalyzers . | . . . . . . . . . Garrison Access . | . . . . . . . . . Data Cores Recovered . | . . . . . . . . . Used . | . . . . . . . . . Hacking Detections 31 | . 2 . 10 . . . 11 8 Full Trace Events 6 | . . . 2 . . . 2 2 Feedback Events . | . . . . . . . . . Feedback Blocked 1 | . . . . . . . . 1 Robot Schematics Acquired . | . . . . . . . . . Robots Built . | . . . . . . . . . Authchips . | . . . . . . . . . Time . | . . . . . . . . . Total Robot Build Rating . | . . . . . . . . . Part Schematics Acquired 7 | . . . 2 . . . . 5 Parts Built . | . . . . . . . . . Authchips . | . . . . . . . . . Time 84 | . . . . . . . . 84 Total Part Build Rating . | . . . . . . . . . Part Studies Acquired 15 | . . . 4 . . . 1 10 Parts Repaired 3 | . . . 1 . . . 2 . Time 95 | . . . 13 . . . 82 . Parts Recycled . | . . . . . . . . . Recycled Matter . | . . . . . . . . . Retrieved Matter . | . . . . . . . . . Retrieved Components 10 | . . . 10 . . . . . Parts Scanalyzed 8 | . . . 2 . . . . 6 Part Schematics Acquired 7 | . . . 2 . . . . 5 Parts Damaged 1 | . . . . . . . . 1 Bothacking | -11 -10 -10 -9 -9 -9 -8 -8 -7 ------------ Run | Yrd Mat Min Mat Min Exi Min Mat Fac Used RIF Installer . | . . . . . . . . . Robots Hacked . | . . . . . . . . . Non-combat . | . . . . . . . . . Combat . | . . . . . . . . . Robot Hacks Applied . | . . . . . . . . . Relay Couplers Released . | . . . . . . . . . Fabnet Peak Effective % . | . . . . . . . . . Robots Rewired . | . . . . . . . . . Allies Hacked . | . . . . . . . . . Hacks Repelled . | . . . . . . . . . Allies | -11 -10 -10 -9 -9 -9 -8 -8 -7 -------- Run | Yrd Mat Min Mat Min Exi Min Mat Fac Total Allies . | . . . . . . . . . Largest Group . | . . . . . . . . . Highest-Rated Group . | . . . . . . . . . Highest-Rated Ally . | . . . . . . . . . Total Orders . | . . . . . . . . . Ally Attacks . | . . . . . . . . . Total Damage . | . . . . . . . . . Kills . | . . . . . . . . . Allies Corrupted . | . . . . . . . . . Allies Melted . | . . . . . . . . . Intel | -11 -10 -10 -9 -9 -9 -8 -8 -7 ------- Run | Yrd Mat Min Mat Min Exi Min Mat Fac Active Infowar (turns) 7618 | . 79 . 3752 436 1046 . 2305 . Optics 176 | . . . 176 . . . . . Seismic 79 | . 79 . . . . . . . T.N.C. 5121 | . . . 3752 436 933 . . . Cloaking 2418 | . . . . . 113 . 2305 . Robot Analysis Total 1 | . . . 1 . . . . . Derelict Logs Recovered 1 | . . 1 . . . . . . Drone Launches . | . . . . . . . . . Drone Recoveries . | . . . . . . . . . Exploration | -11 -10 -10 -9 -9 -9 -8 -8 -7 ------------- Run | Yrd Mat Min Mat Min Exi Min Mat Fac Turns Passed 25299 | 83 1000 2029 3752 436 2829 1873 7293 6004 Spaces Moved 6281 | 50 425 705 1175 131 628 301 1473 1393 Core 5 | 5 . . . . . . . . Treads 5265 | . 195 705 1175 131 628 301 1188 942 Legs 456 | 45 230 . . . . . 181 . Wheels 555 | . . . . . . . 104 451 Hover . | . . . . . . . . . Flight . | . . . . . . . . . Fastest Speed 50 | 50 120 240 240 320 160 560 280 105 Average Speed 301 | 126 175 240 268 320 442 560 332 252 Slowest Speed 1110 | 190 260 240 320 320 560 560 1110 358 Overloaded Moves . | . . . . . . . . . Propulsion Burnouts . | . . . . . . . . . Robots Hopped . | . . . . . . . . . Potential Cave-ins 13 | . . . . . . . . 13 Cave-ins Triggered 3 | . . . . . . . . 3 Exploration Rate (%) 59 | 4 51 100 73 37 90 64 86 33 Regions Visited 8 Branch Regions 4 Pre-discovered Areas 2 | . . 1 . . 1 . . . Known Exits Taken 7 | . 1 1 1 1 1 1 1 . Unknown Exits Taken 1 | 1 . . . . . . . . Scrap Searched 3 | . . 1 . 1 . 1 . . Spaces Dug 33 | . . . . . . 12 1 20 Terrain Destroyed 480 | . . 13 71 22 . 24 153 197 Melee 18 | . . . . . . . . 18 Projectile 54 | . . . . . . . 30 24 AOE 408 | . . 13 71 22 . 24 123 155 Terrain Rammed . | . . . . . . . . . Walls Destroyed . | . . . . . . . . . Machines Disabled . | . . . . . . . . . Actions | -11 -10 -10 -9 -9 -9 -8 -8 -7 --------- Run | Yrd Mat Min Mat Min Exi Min Mat Fac Total 11688 | 64 552 1015 1634 139 680 442 3665 3497 Wait 4389 | . 33 293 279 . 21 110 1962 1691 Move 6271 | 49 424 704 1174 130 627 300 1472 1391 Hop . | . . . . . . . . . Pick Up 206 | 6 7 4 40 . 23 1 34 91 Fast Attach 28 | 6 4 . 2 . 1 . 7 8 Attach 40 | . . . 3 1 . . 13 23 Detach 4 | . . . . . . . . 4 Swap 137 | 1 10 . 25 2 6 4 39 50 Drop 102 | . 10 . 34 . 2 2 25 29 Fire 485 | 2 63 14 77 6 . 25 110 188 Melee 22 | . . . . . . . 1 21 Ram . | . . . . . . . . . Kick . | . . . . . . . . . Crush 3 | . 1 . . . . . 2 . Escape Stasis 1 | . . . . . . . . 1 Rewire . | . . . . . . . . . Trap . | . . . . . . . . . Miscellaneous . | . . . . . . . . . Route ------- -11/Scrapyard -10/Materials (discovered 3 exits: *Mat x2 / *Min) -10/Mines (discovered 2 exits: *Mat x2) -9/Materials (discovered 3 exits: *Mat / *Min x2) -9/Mines -9/Exiles -8/Mines -8/Materials (discovered 2 exits: *Fac x2) -7/Factory History --------- Turn | Location | Event 24 | -11/Scrapyard | Discovered new exit (range 15) 84 | -11/Scrapyard | Entered Materials 116 | -10/Materials | Discovered new exit (range 6) 313 | -10/Materials | Build established: Mutant 649 | -10/Materials | Discovered new exit (range 4) 654 | -10/Materials | Identified exit to Materials 957 | -10/Materials | Identified exit to Mines 1029 | -10/Materials | Discovered exit to Materials (range 11) 1084 | -10/Materials | Entered Mines 1085 | -10/Mines | Learned location of Storage (-7) 1240 | -10/Mines | Discovered exit to Materials (range 8) 1255 | -10/Mines | Learned Materials terminal intel 1483 | -10/Mines | Core integrity fell below 50% 1575 | -10/Mines | Discovered exit to Materials (range 8) 1849 | -10/Mines | Received a Rocket Launcher from a helpful Derelict 3113 | -10/Mines | Entered Materials 3113 | -9/Materials | Evolved 2 slots: Utility x2 3114 | -9/Materials | Loaded intel: 10 terminal locations 3862 | -9/Materials | Build established: Scavenger-Mutant 4160 | -9/Materials | Discovered new exit (range 6) 4170 | -9/Materials | Identified exit to Mines 4466 | -9/Materials | Central database locked down 4516 | -9/Materials | Discovered exit to Mines (range 3) 4581 | -9/Materials | Build established: Mutant 6092 | -9/Materials | Discovered new exit (range 10) 6117 | -9/Materials | Identified exit to Materials 6575 | -9/Materials | Repaired Lgt. Treads 6865 | -9/Materials | Entered Mines 6866 | -9/Mines | Assembled infested the area 6879 | -9/Mines | Met 8R-AWN 6892 | -9/Mines | Met a Derelict bent on vengeance 6902 | -9/Mines | Destroyed 7 combat bots 7285 | -9/Mines | Discovered new exit (range 5) 7298 | -9/Mines | Identified exit to Exiles 7301 | -9/Mines | Entered Exiles 7400 | -9/Exiles | Welcomed by 8R-AWN 7455 | -9/Exiles | Met EX-HEX 7589 | -9/Exiles | Met EX-DEC 7611 | -9/Exiles | Learned location of Zion (-7) 7740 | -9/Exiles | Visited The Gauntlet 8555 | -9/Exiles | Build established: Hauler-Mutant 8583 | -9/Exiles | Discovered new exit (range 10) 8628 | -9/Exiles | Identified exit to Mines 9020 | -9/Exiles | Met EX-BIN 9115 | -9/Exiles | Aligned with FarCom system 9121 | -9/Exiles | Given EX-Vault access code 9557 | -9/Exiles | Opened EX-Vault 9597 | -9/Exiles | Found Cloak of Protection 9738 | -9/Exiles | Warned to stay clear of 0b10 Research branches 10130 | -9/Exiles | Left Exiles lab with Cloak of Protection 10130 | -9/Exiles | Entered Mines 10718 | -8/Mines | Core integrity fell below 50% 11024 | -8/Mines | Found a Scrap Suit stashed away for nefarious purposes 11036 | -8/Mines | Found Scrap Suit 11936 | -8/Mines | Discovered exit to Materials (range 12) 12003 | -8/Mines | Entered Materials 12003 | -8/Materials | Evolved 2 slots: Power x1, Propulsion x1 14347 | -8/Materials | Lost 3 parts (1p1n1u) 14782 | -8/Materials | Discovered new exit (range 4) 14799 | -8/Materials | Identified exit to Factory 16699 | -8/Materials | Repaired Hrd. Medium Armor Plating 16748 | -8/Materials | Repaired Hvy. Ion Cannon 17354 | -8/Materials | Destroyed 8 combat bots 18003 | -8/Materials | First assault squad dispatched 18352 | -8/Materials | Lost 3 parts (1p1n1u) 18890 | -8/Materials | Core integrity fell below 50% 18984 | -8/Materials | Discovered exit to Factory (range 16) 19296 | -8/Materials | Entered Factory 19296 | -7/Factory | Evolved 2 slots: Utility x2 20922 | -7/Factory | Cargo convoy interrupted 21574 | -7/Factory | Central database locked down 23023 | -7/Factory | Garrison activated, responded to threat 23581 | -7/Factory | System corruption reached 10% 23586 | -7/Factory | Core integrity fell below 50% 23624 | -7/Factory | Lost 8 parts (1p4n2u1w) 24896 | -7/Factory | First assault squad dispatched 25003 | -7/Factory | Crushed by falling debris 25004 | -7/Factory | Core integrity fell below 20% 25034 | -7/Factory | Crushed by falling debris 25300 | -7/Factory | Crushed by falling debris 25300 | -7/Factory | Smashed by cave-in Last Messages --------------- 25226_ Com. Wheel destroyed. 25226_ Destroyed Com. Wheel. 25226_ Destroyed Unknown Hover Unit. 25227_ The unstable cave ceiling collapses. 25229_ Imp. Deuterium Engine destroyed. 25229_ Destroyed Imp. Deuterium Engine. 25229_ P-60 Hacker destroyed. 25234_ The unstable cave ceiling collapses. 25236_ Acquired 9 matter. 25240_ 5Q 2STVK4ZDBVUKI #IWSQ 25241_ The unstable cave ceiling collapses. 25244_ K-01 Serf collects debris. 25255_ 7:AC MVT9